 Dungeon Crawl Stone Soup version 0.31-a0-234-gad7ace16ef (webtiles) character file.

Game seed: 13805229545736360374

341 qw the Shooter (level 6, -6/37 HPs)
             Began as a Gargoyle Hexslinger on July 9, 2023.
             Mangled by an iguana (8 damage)
             ... on level 3 of the Dungeon.
             The game lasted 00:00:58 (2181 turns).

qw the Shooter (Gargoyle Hexslinger)                Turns: 2181, Time: 00:00:59

Health: -6/37      AC:  8    Str: 12    XL:     6   Next: 56%
Magic:  7/7        EV: 12    Int: 13    God:
Gold:   150        SH:  0    Dex: 14    Spells: 6/7 levels left

rFire   + . .        Y - +1 sling
rCold   . . .        (no shield)
rNeg    + . .        m - +1 robe {rF+}
rPois   inf          (no helmet)
rElec   +            (no cloak)
rCorr   .            f - +0 pair of gloves
SInv    +            (no boots)
Will    .....        (no amulet)
Stlth   +            e - ring of see invisible
HPRegen 0.26/turn    (no ring)
MPRegen 0.10/turn

%: no passive effects
@: about to teleport
A: sickness immunity, AC +4, negative energy resistance 1, electricity
resistance, torment resistance 1, petrification resistance
a: no special abilities


You were on level 3 of the Dungeon.
You visited 1 branch of the dungeon, and saw 4 of its levels.

You collected 150 gold pieces.


Innate Abilities, Weirdness & Mutations

You are immune to sickness and miasma.
Your stone body is resilient. (AC +4)
You are immune to poison.
You resist negative energy. (rN+)
You are resistant to electric shocks. (rElec)
You are resistant to unholy torment.
You are immune to petrification.


   Skills:
 - Level 3.5 Fighting
 + Level 5.9 Ranged Weapons
 - Level 1.5 Dodging
 - Level 1.0 Spellcasting
 - Level 2.6 Hexes


You had 6 spell levels left.
You knew the following spells:

 Your Spells              Type           Power      Damage    Failure   Level
a - Slow                  Hex            28%        N/A       10%         1

Your spell library contained the following spells:

 Spells                   Type           Power      Damage    Failure   Level
 Inner Flame              Hex/Fire       4%         N/A       43%         3
 Portal Projectile        Hex/Tloc       8%         N/A       43%         3
 Cause Fear               Hex            3%         N/A       67%         4

Inventory:

Hand Weapons
 Y - a +1 sling (weapon)
Armour
 f - a +0 pair of gloves (worn)
 h - a +0 ring mail
 m - a +1 robe of fire resistance (worn)
Jewellery
 e - a ring of see invisible (left hand)
Scrolls
 g - 4 scrolls of teleportation
Potions
 c - a potion of brilliance {unknown}
 d - a potion of lignification {unknown}
 i - a potion of resistance {unknown}
 j - 2 potions of curing
 k - a potion of berserk rage {unknown}

Dungeon Overview and Level Annotations

Branches:
Dungeon (4/15)
 Temple: D:4-7

Altars:
Ru


Message History

The sling bullet hits the iguana.
The iguana hisses angrily.
The iguana is lightly wounded.
You shoot a sling bullet.
The sling bullet completely misses the iguana.
You shoot a sling bullet.
The sling bullet closely misses the iguana.
You shoot a sling bullet. The sling bullet hits the iguana.
The iguana is moderately wounded.
You shoot a sling bullet. The sling bullet hits the iguana.
The iguana is heavily wounded.
The iguana bites you.
You shoot a sling bullet.
The sling bullet closely misses the iguana.
The iguana bites you!
2176 ||| STAIRDANCE The iguana bites you.
You climb upwards.
There is a stone staircase leading down here.
Enter note:
Enter note:
Enter note:
Enter note:
Enter note:
Enter note: You shoot a sling bullet.
The sling bullet hits the iguana.
The iguana is severely wounded.
The iguana bites you!
You shoot a sling bullet.
The sling bullet hits the iguana but does no damage.
The iguana is severely wounded.
The iguana barely misses you.
You shoot a sling bullet. The sling bullet hits the iguana.
The iguana is almost dead.
The iguana closely misses you. The iguana bites you!
2181 ||| READING 5 scrolls of teleportation.
As you read the scroll of teleportation, it crumbles to dust.
You feel strangely unstable. The iguana bites you!
You die...

##..######~.~¤.¤~.~# ###
####..## #~.¤._.~.~#
..####....## #~.¤...~¤~#
#......###### #~..~~~.¤~#
##.#........### #.¤¤~¤~~¤¤#
#..########...# ##%.......¤##
#.###########.###.#########.#
..# #.....# #....l.......#..#
### #.....#
####@..#####....### # #.....#
#...## ###....# #...>.##
#.#.# #.##.#
#<.....####.#.########.##.#
#...............<...>.....#
#.....#.###...#######.#####
#.....#......## #.#
#.....#####..## #.#
##########....# ####.###


You could see an iguana.

Vanquished Creatures
  Sigmund (D:3)
  A black bear (D:3)
  2 adders (D:3)
  2 worms
  A dart slug (D:2)
  7 bats
  11 endoplasms
  3 giant cockroaches
  10 goblins
  5 hobgoblins
  7 jackals
  2 kobolds (D:1)
  A quokka (D:1)
  3 ball pythons
  A frilled lizard (D:1)
  8 rats
65 creatures vanquished.

Notes
Turn   | Place    | Note
-------+----------+-------------------------------------------
     0 | D:1      | qw the Gargoyle Hexslinger began the quest for the Orb.
     0 | D:1      | Reached XP level 1. HP: 12/12 MP: 2/2
     0 | D:1      | 0 ||| qw: Version: 0.3-a-51-g015441d
     0 | D:1      | 0 ||| qw: Game counter: 4076
     0 | D:1      | 0 ||| qw: Melee chars always use a shield: true
     0 | D:1      | 0 ||| qw: God list: Okawaru
     0 | D:1      | 0 ||| qw: Allow faded altars: false
     0 | D:1      | 0 ||| qw: Do Orc after clearing Dungeon:15 true
     0 | D:1      | 0 ||| qw: Do second Lair branch before Depths: true
     0 | D:1      | 0 ||| qw: Lair rune preference: random
     0 | D:1      | 0 ||| qw: Goals: Normal
     0 | D:1      | 0 ||| PLANNING D:1-11
   121 | D:1      | Found a faded altar of an unknown god.
   145 | D:1      | Reached XP level 2. HP: 16/16 MP: 3/3
   223 | D:1      | HP: 3/16 [jackal (3)]
   226 | D:1      | Reached skill level 3 in Ranged Weapons
   550 | D:1      | 550 ||| UPGRADING to +0 ring mail.
   560 | D:1      | 560 ||| DROPPING +0 robe.
   561 | D:1      | 561 ||| UPGRADING to ring of see invisible.
   562 | D:1      | 562 ||| READING scroll labelled DAHARCHAVVO.
   563 | D:1      | 563 ||| READING 3 scrolls labelled MECZEUG POBUR.
   567 | D:1      | 567 ||| READING scroll labelled JILIRA JUEMICA.
   568 | D:1      | 568 ||| DRINKING 2 puce potions.
   569 | D:1      | 569 ||| DROPPING scroll of poison.
   570 | D:1      | 570 ||| DROPPING potion of magic.
   579 | D:2      | Reached XP level 3. HP: 21/21 MP: 4/4
  1213 | D:2      | 1213 ||| UPGRADING to +0 pair of gloves.
  1218 | D:2      | 1218 ||| UPGRADING to +1 robe of fire resistance.
  1228 | D:2      | 1228 ||| DROPPING ring of magical power.
  1229 | D:2      | 1229 ||| READING scroll labelled ADDY BITO XEMOAS.
  1230 | D:2      | 1230 ||| READING scroll labelled KEZEAS CIZUN.
  1231 | D:2      | 1231 ||| DRINKING 2 murky purple potions.
  1232 | D:2      | 1232 ||| DRINKING 2 fizzy silvery potions.
  1233 | D:2      | 1233 ||| DROPPING potion of attraction.
  1287 | D:3      | Reached XP level 4. HP: 25/26 MP: 5/5
  1319 | D:3      | Reached skill level 4 in Ranged Weapons
  1319 | D:3      | Found a sacrificial altar of Ru.
  1397 | D:3      | Noticed Sigmund
  1414 | D:3      | HP: 6/26 [Sigmund/+1 scythe of pain (3)]
  1415 | D:3      | 1415 ||| DRINKING potion of heal wounds.
  1425 | D:3      | Killed Sigmund
  1426 | D:3      | Reached skill level 5 in Ranged Weapons
  1426 | D:3      | Reached XP level 5. HP: 16/30 MP: 6/6
  1426 | D:3      | Reached XP level 6. HP: 18/35 MP: 7/7
  1586 | D:3      | Noticed a black bear
  1598 | D:3      | Killed a black bear
  1599 | D:3      | Reached skill level 3 in Fighting
  2105 | D:3      | 2105 ||| DROPPING scarf of harm.
  2106 | D:3      | 2106 ||| READING scroll labelled RUEMUEHU SUMP.
  2107 | D:3      | 2107 ||| READING 2 scrolls labelled RUTWAEC OVERI.
  2108 | D:3      | 2108 ||| DRINKING 3 red potions.
  2109 | D:3      | 2109 ||| DROPPING scroll of butterflies.
  2176 | D:4      | 2176 ||| STAIRDANCE
  2180 | D:3      | HP: 1/37 [iguana (11)]
  2181 | D:3      | 2181 ||| READING 5 scrolls of teleportation.
  2181 | D:3      | Mangled by an iguana

Levels and vault maps discovered:
D:1:      dpeg_arrival_rhombi, layout_rooms,
          shapermc_ecumenical_altar_totnotflames
D:2:      layout_loops_ring
D:3:      layout_rooms, mainiacjoe_overflow_paths, roderic_lattice_a,
          uniq_sigmund
D:4:      layout_basic

Skill      XL: |  1  2  3  4  5  6 |
---------------+-------------------+-----
Ranged Weapons | 3 5 |  5.9
Fighting       | 2 3 |  3.5
Dodging        | |  1.5
Spellcasting   | |  1.0
Hexes          | |  2.6

Action                     |  1- 3 |  4- 6 || total
---------------------------+-------+-------++-------
   Fire: Sling             |   124 |    93 ||   217
    Use: Scroll            |     5 |     3 ||     8
         Potion            |     3 |     2 ||     5
 Armour: Robe              |    24 |    18 ||    42
         Ring mail         |    14 |       ||    14
  Dodge: Dodged            |    66 |    45 ||   111

Table legend:
 A = Non-vault XP
 B = Vault XP
 C = Vault XP percentage of total XP
 D = Non-vault monster count
 E = Vault monster count
 F = Vault count percentage of total count
                 A         B        C        D         E       F
            +---------+---------+-------+---------+---------+-------
      Total |     262 |     226 |  46.3 |      64 |       1 |   1.5
            +---------+---------+-------+---------+---------+-------
        D:1 |      33 |       0 |   0.0 |      20 |       0 |   0.0
        D:2 |      37 |       0 |   0.0 |      20 |       0 |   0.0
        D:3 |     192 |     226 |  54.1 |      24 |       1 |   4.0
            +---------+---------+-------+---------+---------+-------
